AoeStats
← Malay All Day

Hideout

508941681Analyzed
1v1 RM · 8d ago on Sep 24, 2026· 59m 39s· 2 players
Game mode
Random Map
Map size
Tiny (2 player)
Population
200
Speed
Normal
Resources
Standard
Victory
Conquest
Starting age
Dark Age
Ending age
Imperial Age
RankedLock teamsTeams togetherTeam positionsShared explorationLock speedFull tech treeHidden civsTurbo modeCheats
Victory
Defeat
🇬🇷 Gurjaras · Greece
1119
+16
🇨🇦 Turks · Canada
1113
-16
Malay All Day
11:12 Feudal Age
11:45 Feudal Age
11:49 Feudal Age
13:38 Double-Bit Axe
16:00 Castle Age
14:24 Horse Collar
18:15 Heavy Plow
20:27 Bow Saw
22:02 Wheelbarrow
22:23 Fletching
22:33 Padded Archer Armor
22:35 Town Watch
23:40 Fervor
24:05 Gold Mining
26:06 Stone Mining
26:51 Gold Shaft Mining
26:07 Loom
26:44 Hand Cart
29:11 Imperial Age
27:18 Fletching
27:28 Padded Archer Armor
27:55 Bodkin Arrow
28:15 Thumb Ring
28:33 Ballistics
28:24 Masonry
29:13 Sipahi
29:54 Leather Archer Armor
29:36 Murder Holes
30:31 Conscription
31:23 Parthian Tactics
32:02 Hand Cart
31:48 Town Patrol
32:15 Bracer
33:18 Ring Archer Armor
34:35 Hoardings
33:27 Heavy Cavalry Archer
35:22 Forging
35:17 Scale Barding Armor
36:33 Architecture
36:30 Bombard Tower
36:26 Bloodlines
36:16 Husbandry
37:07 Iron Casting
37:21 Chain Barding Armor
37:09 Heavy Camel Rider
39:17 Treadmill Crane
41:25 Blast Furnace
41:10 Plate Barding Armor
42:01 Blast Furnace
44:12 Arrowslits
47:21 Guilds
48:57 Artillery
51:37 Squires
DonZupichtosSkalopinis
10:58 Feudal Age
9:20 Loom
15:37 Castle Age
13:57 Double-Bit Axe
16:14 Wheelbarrow
19:56 Fletching
22:45 Elite Skirmisher
24:18 Town Watch
26:46 Hand Cart
26:45 Horse Collar
27:54 Bloodlines
28:47 Husbandry
33:32 Imperial Age
31:35 Scale Barding Armor
31:26 Bodkin Arrow
32:10 Forging
34:02 Thumb Ring
34:10 Heavy Camel Rider
35:18 Chain Barding Armor
35:33 Iron Casting
36:16 Conscription
37:18 Ballistics
36:24 Elite Shrivamsha Rider
41:53 Frontier Guards
42:28 Iron Casting
46:40 Plate Barding Armor
46:06 Bracer
46:09 Padded Archer Armor
46:33 Heavy Plow
46:59 Light Cavalry
51:21 Hussar
58:33 Chemistry
57:24 Guard Tower
60:54 Keep
Connection lost

Rejoining the realm…

Still unreachable

The connection could not be restored.

Session expired

The server has moved on; the page needs a fresh start.